 Dungeon Crawl Stone Soup version 0.20-b1-2-gc5a9893 (webtiles) character file.

44071 tcpcsj the Severer (level 13, -14/123 HPs)
             Began as a Minotaur Berserker on May 21, 2017.
             Was an Elder of Trog.
             Hit by a large rock thrown by a cyclops (34 damage)
             ... on level 1 of the Orcish Mines on May 22, 2017.
             The game lasted 00:56:36 (13402 turns).

tcpcsj the Severer (Minotaur Berserker)            Turns: 13402, Time: 00:56:39

Health: -14/123    AC: 25    Str: 24    XL:     13   Next: 94%
Magic:  13/13      EV: 11    Int:  4    God:    Trog [****..]
Gold:   834        SH:  0    Dex: 13    Spells: 12/12 levels left

rFire    . . .     SeeInvis +   a - +5 battleaxe (flame)
rCold    . . .     Gourm    .   (shield currently unavailable)
rNeg     . . .     Faith    .   K - +1 plate armour
rPois    +         Spirit   .   (helmet restricted)
rElec    .         Reflect  .   I - +2 cloak
rCorr    .         Harm     .   n - +1 pair of gloves
MR       +....                  O - +0 pair of boots
Stlth    ..........             (no amulet)
Regen    0.3/turn               f - ring of protection from magic
MPRegen  0.2/turn               r - ring of see invisible

@: very slightly contaminated, studying Evocations
A: retaliatory headbutt, horns 2, icy blue scales 1, poison resistance, no
potion heal 1
a: Berserk, Trog's Hand, Brothers in Arms, Burn Spellbooks, Renounce Religion


You were on level 1 of the Orcish Mines.
You worshipped Trog.
Trog was greatly pleased with you.
You were not hungry.

You visited 2 branches of the dungeon, and saw 16 of its levels.
You also visited: Labyrinth, Sewer and Ossuary.

You collected 969 gold pieces.
You spent 135 gold pieces at shops.

Inventory:

Hand Weapons
 a - a +5 battleaxe of flaming (weapon)
 b - a +2 triple crossbow of freezing
 g - a +2 short sword of draining
 S - a +0 arbalest of venom
Missiles
 t - 8 needles of sleeping
 M - 109 bolts
 U - 10 curare-tipped needles
 Z - 6 silver tomahawks (quivered)
Armour
 n - a +1 pair of gloves (worn)
 I - a +2 cloak (worn)
 K - a +1 plate armour (worn)
 O - a +0 pair of boots (worn)
 Q - a +2 shield of cold resistance
Jewellery
 f - a ring of protection from magic (left hand)
 m - an uncursed ring of positive energy
 p - an uncursed ring of protection from fire
 r - a ring of see invisible (right hand)
 s - a +2 ring of evasion
 u - an uncursed ring of fire
Wands
 c - a wand of iceblast (10/15)
 o - a wand of lightning (4/15)
 y - a wand of paralysis (0/24)
 z - a wand of polymorph (10/24)
 B - a wand of flame (8/48)
 D - a wand of acid (8/15)
 F - a wand of random effects (41/48)
 G - a wand of flame (35/48)
 L - a wand of confusion (23/48)
 N - a wand of disintegration (16/24)
 P - a wand of enslavement (2/24)
 Y - a wand of lightning (7/15)
Scrolls
 d - 2 scrolls of identify
 e - 10 scrolls of teleportation
 i - a scroll of blinking
 j - 8 scrolls of remove curse
 v - 4 scrolls of fog
 x - a scroll of recharging
 A - 5 scrolls of magic mapping
Potions
 l - 7 potions of heal wounds
 q - 3 potions of curing
 w - a potion of resistance
 C - 5 potions of flight
 E - 3 potions of agility
 R - 3 potions of cancellation
Books
 J - a manual of Evocations
 W - a book of Minor Magic

   Spells                             Type                      Level
   a - Magic Dart                     Conjuration                  1
   b - Blink                          Translocation                2
   c - Call Imp                       Summoning                    2
   d - Slow                           Hexes                        2
   e - Conjure Flame                  Conjuration/Fire             3
   f - Mephitic Cloud                 Conjuration/Poison/Air       3
   Trog disapproves of the use of such an item.
 X - a book of Beasts

   Spells                             Type                      Level
   a - Summon Butterflies             Summoning                    1
   b - Call Canine Familiar           Summoning                    3
   c - Summon Ice Beast               Ice/Summoning                4
   d - Summon Mana Viper              Hexes/Summoning              5
   e - Summon Hydra                   Summoning                    7
   Trog disapproves of the use of such an item.
Miscellaneous
 h - a phial of floods
 V - a fan of gales
Comestibles
 k - 8 meat rations
 H - 4 royal jellies


   Skills:
 + Level 13.8 Fighting
 + Level 19.0 Axes
 + Level 4.7 Crossbows
 + Level 11.5 Armour
 + Level 7.7 Dodging
 + Level 3.6 Stealth
 + Level 1.4 Evocations


You had 12 spell levels left.
You didn't know any spells.

Dungeon Overview and Level Annotations

Branches:
Dungeon (15/15)            Temple (0/1) D:7            Lair (0/6) D:10
    Orc (1/2) D:10         Vaults (0/5) D:14         Depths (0/5) D:15

Altars:
Dithmenos
Elyvilon
Fedhas
Gozag
Hepliaklqana
Okawaru
Qazlal
Ru
Trog
Uskayaw
Xom
Zin
The Shining One

Shops:
D:6 ?   D:9 (   D:10 :   D:13 ?   D:14 ?


Innate Abilities, Weirdness & Mutations

You reflexively headbutt those who attack you in melee.
You have a pair of horns on your head.
You are partially covered in icy blue scales. (AC +2)
Your system is resistant to poisons. (rPois)
Potions are less effective at restoring your health.


Message History

Trog accepts your kill. The cyclops misses you.
There is an open gate, spattered with blood here.
You see here 2 large rocks.
Blink to where?
Press: ? - help, Dir - move target cursor You are very lightly contaminated with residual magic.
As you read the scroll of blinking, it crumbles to dust.
A cyclops comes into view.
You hear the rumble of a distant avalanche of rocks.
The cyclops shouts!
The cyclops throws a large rock.
The large rock hits you but does no damage.
Your system partially rejects the healing.
You feel much better.
You hear a shout!
The cyclops throws a large rock.
The large rock hits you but does no damage.
The cyclops throws a large rock.
The large rock hits you!!
You die...

#......# ##.......
######.......
...........#
.......(.####
.........P..###
..(..(...(....##########
........................
................@.......
......###CC'###.........
......#..(....#.......C#
......#.(.C...#.......##
#######..OC...#########
#.......# +.......+
####+####


You could see 3 cyclopes.

Vanquished Creatures
  A minotaur (Lab)
  2 hydras
  4 two-headed ogres
  An ogre mage (Orc:1)
  6 centaur warriors
  2 tengu warriors
  Urug (Orc:1)
  Sonja (D:12)
  A shadow wraith (D:14)
  4 skeletal warriors (D:15)
  A storm dragon skeleton (D:15)
  2 unseen horrors (D:12)
  2 wizards (D:15)
  An orc sorcerer (D:15)
  2 necromancers (D:15)
  2 wolf spider zombies (D:15)
  5 cyclopes
  5 ugly things (D:14)
  4 slime creatures (D:14)
  A manticore (D:11)
  Maurice (D:11)
  A naga mage (D:15)
  6 centaur skeletons
  An efreet (D:14)
  2 tengu conjurers
  2 trolls
  A harpy skeleton (D:15)
  2 wind drakes (shapeshifter)
  4 hippogriffs
  2 shadows (D:14)
  A centaur simulacrum (D:15)
  A vampire (D:15)
  A wyvern (D:13)
  Sigmund (D:7)
  4 yaks
  4 hogs (D:7)
  A human (D:7)
  Grum (D:11)
  A vampire mosquito (D:15)
  2 hungry ghosts (D:13)
  A warg (Orc:1)
  An acid dragon (D:14)
  5 ice beasts
  5 orc warriors
  Duvessa (D:6)
  3 black bears
  2 necrophages
  A hornet zombie (D:13)
  A phantom (D:14)
  2 wolves (D:11)
  10 ogres
  3 sky beasts
  20 centaurs
  A crocodile (D:10)
  A big kobold (D:14)
  8 elf zombies (Ossuary)
  10 bullfrogs
  Dowan (D:6)
  A scorpion (D:6)
  A wyvern skeleton (D:7)
  6 howler monkeys
  12 killer bees
  4 wights (D:10)
  8 crimson imps
  2 bullfrog zombies
  4 hounds
  3 centaur zombies
  4 human zombies (Ossuary)
  A jelly (D:11)
  11 orc priests
  18 orc wizards
  4 bullfrog skeletons
  3 iguanas
  11 worker ants
  3 mummies (Ossuary)
  8 adders
  2 shadow imps
  2 oozes
  An adder skeleton (D:4)
  2 adder zombies
  3 worms
  2 dart slugs
  5 leopard geckos
  64 orcs
  10 bats
  6 giant cockroaches
  5 hobgoblins
  12 jackals
  2 quokkas
  6 ball pythons
  6 frilled lizards
  10 goblins
  2 jackal zombies
  26 kobolds
  A leopard gecko skeleton (D:7)
  A leopard gecko zombie (D:5)
  3 rats
438 creatures vanquished.

Vanquished Creatures (collateral kills)
  A hydra (D:13)
  An alligator (shapeshifter) (D:14)
  A skeletal warrior (D:15)
  A deep troll (D:14)
  A wolf spider zombie (D:15)
  A cyclops (Orc:1)
  A centaur zombie (D:13)
  A hippogriff (D:10)
  A yak (D:10)
  2 basilisks (D:10)
  3 vampire mosquitoes (D:15)
  4 centaurs (D:12)
  A big kobold (D:10)
  A scorpion (D:10)
  A howler monkey (D:10)
  A quasit (D:10)
  2 kobolds (D:10)
24 creatures vanquished.

Vanquished Creatures (others)
  A big kobold (D:11)
1 creature vanquished.

Grand Total: 463 creatures vanquished

Notes
Turn   | Place    | Note
-------+----------+-------------------------------------------
     0 | D:1      | tcpcsj the Minotaur Berserker began the quest for the Orb.
     0 | D:1      | Reached XP level 1. HP: 19/19 MP: 0/0
   140 | D:1      | Reached XP level 2. HP: 22/27 MP: 1/1
   343 | D:1      | Reached skill level 4 in Axes
   698 | D:2      | Reached XP level 3. HP: 25/33 MP: 2/2
   990 | D:2      | Reached ** piety under Trog
  1209 | D:3      | Found a stormy altar of Qazlal.
  1283 | D:3      | Reached XP level 4. HP: 15/41 MP: 3/3
  1399 | D:3      | Reached skill level 5 in Axes
  1404 | D:3      | Reached XP level 5. HP: 47/47 MP: 4/4
  1523 | D:3      | Reached skill level 5 in Fighting
  1667 | D:3      | Reached skill level 6 in Axes
  1766 | D:3      | Found a glowing golden altar of the Shining One.
  1955 | D:4      | Reached *** piety under Trog
  1962 | D:4      | Reached XP level 6. HP: 56/56 MP: 5/5
  2052 | D:4      | Reached skill level 7 in Axes
  2128 | D:4      | Reached XP level 7. HP: 19/61 MP: 6/6
  2248 | D:4      | Found a glowing drain.
  2270 | Sewer    | Entered a sewer
  2805 | D:5      | Entered Level 5 of the Dungeon
  2875 | D:5      | Reached skill level 8 in Axes
  2947 | D:5      | Reached **** piety under Trog
  2953 | D:5      | Reached skill level 5 in Armour
  2953 | D:5      | Reached XP level 8. HP: 26/70 MP: 7/7
  2969 | D:5      | Reached skill level 9 in Axes
  3138 | D:5      | Found an iron altar of Okawaru.
  3301 | D:5      | Found a white marble altar of Elyvilon.
  3409 | D:5      | Found a blossoming altar of Fedhas.
  3668 | D:6      | Found Yskal's Magic Scroll Shop.
  3706 | D:6      | Found a sand-covered staircase.
  3721 | Ossuary  | Entered an ossuary
  3775 | Ossuary  | Reached skill level 10 in Axes
  3811 | Ossuary  | Reached XP level 9. HP: 16/79 MP: 8/8
  3945 | D:6      | Found a hide-covered altar of Uskayaw.
  3955 | D:6      | Reached skill level 1 in Crossbows
  4032 | D:6      | Gained mutation: You possess an exceptional clarity of mind. [potion of mutation]
  4032 | D:6      | Gained mutation: Armour fits poorly on your strangely shaped body. [potion of mutation]
  4032 | D:6      | Gained mutation: You are agile. (Dex +2) [potion of mutation]
  4032 | D:6      | Gained mutation: Your movements are slightly less encumbered by armour. (ER -2) [potion of mutation]
  4075 | D:6      | Got a distressingly furry ring mail
  4076 | D:6      | Identified the +1 ring mail of Gluttony {rC+} (You found it on level 6 of the Dungeon)
  4126 | D:6      | Noticed Dowan
  4128 | D:6      | Noticed Duvessa
  4129 | D:6      | Killed Dowan
  4129 | D:6      | Reached skill level 11 in Axes
  4131 | D:6      | Killed Duvessa
  4266 | D:6      | Received a gift from Trog
  4308 | D:6      | Found an opulent altar of Gozag.
  4315 | D:6      | Found a shimmering altar of Xom.
  4497 | D:7      | Found a sacrificial altar of Ru.
  4508 | D:7      | Found a hazy altar of Hepliaklqana.
  4510 | D:7      | Reached skill level 1 in Stealth
  4526 | D:7      | Found a bloodstained altar of Trog.
  4536 | D:7      | Found a shadowy altar of Dithmenos.
  4667 | D:7      | Found a staircase to the Ecumenical Temple.
  4910 | D:7      | Noticed Sigmund
  4917 | D:7      | Killed Sigmund
  4917 | D:7      | Reached skill level 12 in Axes
  5042 | D:7      | Reached XP level 10. HP: 37/90 MP: 9/9
  5046 | D:7      | Reached skill level 5 in Dodging
  5305 | D:8      | Found a glowing silver altar of Zin.
  5468 | D:8      | Reached skill level 13 in Axes
  5594 | D:8      | Noticed a two-headed ogre
  5600 | D:8      | Killed a two-headed ogre
  5993 | D:9      | Found Xosar's Antique Weapon Boutique.
  6687 | D:10     | Entered Level 10 of the Dungeon
  6691 | D:10     | Found a glowing silver altar of Zin.
  6697 | D:10     | Found an opulent altar of Gozag.
  6758 | D:10     | Found a staircase to the Lair.
  6829 | D:10     | Found Guer's Book Emporium.
  7067 | D:10     | Found a staircase to the Orcish Mines.
  7095 | D:10     | Noticed a two-headed ogre
  7099 | D:10     | Killed a two-headed ogre
  7099 | D:10     | Reached skill level 14 in Axes
  7542 | D:10     | Noticed a centaur warrior
  7604 | D:10     | Killed a centaur warrior
  7604 | D:10     | Reached XP level 11. HP: 64/99 MP: 10/10
  7917 | D:11     | Noticed a tengu warrior
  7945 | D:11     | Killed a tengu warrior
  8015 | D:11     | Reached skill level 10 in Fighting
  8165 | D:11     | Noticed Maurice
  8171 | D:11     | Killed Maurice
  8171 | D:11     | Reached skill level 15 in Axes
  8416 | D:11     | Noticed Grum
  8429 | D:11     | Killed Grum
  8737 | D:12     | Noticed an unseen horror
  8744 | D:12     | Killed an unseen horror
  8934 | D:12     | Noticed Sonja
  8941 | D:12     | Killed Sonja
  8941 | D:12     | Reached skill level 1 in Evocations
  8999 | D:12     | Received a gift from Trog
  9151 | D:12     | Noticed a tengu warrior
  9186 | D:12     | Killed a tengu warrior
  9480 | D:12     | Noticed an unseen horror
  9491 | D:12     | Killed an unseen horror
  9491 | D:12     | Reached skill level 16 in Axes
  9702 | D:12     | Lost mutation: You are agile. (Dex +2) [potion of mutation]
  9702 | D:12     | Lost mutation: Armour fits poorly on your strangely shaped body. [potion of mutation]
  9702 | D:12     | Lost mutation: Your movements are slightly less encumbered by armour. (ER -2) [potion of mutation]
  9702 | D:12     | Lost mutation: You possess an exceptional clarity of mind. [potion of mutation]
  9702 | D:12     | Gained mutation: You are clumsy. (Dex -2) [potion of mutation]
  9702 | D:12     | Gained mutation: You possess an exceptional clarity of mind. [potion of mutation]
  9703 | D:12     | Lost mutation: You are clumsy. (Dex -2) [potion of mutation]
  9703 | D:12     | Lost mutation: You possess an exceptional clarity of mind. [potion of mutation]
  9703 | D:12     | Gained mutation: Potions are less effective at restoring your health. [potion of mutation]
  9703 | D:12     | Gained mutation: You are partially covered in icy blue scales. (AC +2) [potion of mutation]
  9703 | D:12     | Gained mutation: Your system is resistant to poisons. (rPois) [potion of mutation]
  9814 | D:13     | Noticed a two-headed ogre
  9823 | D:13     | Killed a two-headed ogre
  9823 | D:13     | Reached XP level 12. HP: 94/108 MP: 12/12
  9941 | D:13     | Found Wid Josto's Magic Scroll Shoppe.
  9986 | D:13     | Noticed a centaur warrior
  9993 | D:13     | Killed a centaur warrior
 10181 | D:13     | Noticed a centaur warrior
 10188 | D:13     | Killed a centaur warrior
 10233 | D:13     | Noticed a four-headed hydra
 10246 | D:13     | Killed a four-headed hydra
 10428 | D:13     | Noticed a centaur warrior
 10439 | D:13     | Killed a centaur warrior
 10517 | D:13     | Noticed a two-headed ogre
 10525 | D:13     | Killed a two-headed ogre
 10670 | D:14     | Reached skill level 17 in Axes
 10730 | D:14     | Reached ***** piety under Trog
 10788 | D:14     | Found a labyrinth entrance.
 10835 | Lab      | Entered a labyrinth
 11118 | Lab      | Noticed a minotaur
 11126 | Lab      | Killed a minotaur
 11330 | D:14     | Reached skill level 10 in Armour
 11429 | D:14     | Found Medoteac's Magic Scroll Emporium.
 11444 | D:14     | Bought a scroll of enchant weapon for 135 gold pieces
 11475 | D:14     | Received a gift from Trog
 11555 | D:14     | Reached XP level 13. HP: 79/119 MP: 13/13
 11914 | D:14     | Found a gate to the Vaults.
 11968 | D:14     | Reached skill level 18 in Axes
 12067 | D:15     | Entered Level 15 of the Dungeon
 12831 | D:15     | Found a staircase to the Depths.
 12897 | D:15     | Received a gift from Trog
 13101 | Orc:1    | Entered Level 1 of the Orcish Mines
 13320 | Orc:1    | Noticed Urug
 13331 | Orc:1    | Killed Urug
 13392 | Orc:1    | Reached skill level 19 in Axes
 13400 | Orc:1    | HP: 4/123 [cyclops/large rock (30)]
 13402 | Orc:1    | Hit by a large rock thrown by a cyclops

Skill      XL: |  1  2  3  4  5  6  7  8  9 10 11 12 13 |
---------------+----------------------------------------+-----
Axes           | 4 5 6 7 8 10 12 14 16 17 19 | 19.0
Fighting       | 4 5 6 7 8 9 10 12 13 | 13.8
Armour         | 3 5 6 7 8 9 10 11 | 11.5
Dodging        | 3 4 5 7 |  7.7
Crossbows      | 2 3 4 |  4.7
Stealth        | 1 2 3 |  3.6
Evocations     | 1 |  1.4

Action                   |  1- 3 |  4- 6 |  7- 9 | 10-12 | 13-15 || total
-------------------------+-------+-------+-------+-------+-------++-------
Melee: Hand axe          |    82 |    92 |     4 |       |       ||   178
       Headbutt          |    12 |    16 |    37 |    87 |    29 ||   181
       Battleaxe         |       |       |   202 |   444 |   126 ||   772
 Fire: Arbalest          |       |       |     6 |    19 |    14 ||    39
       Triple crossbow   |       |       |       |       |    12 ||    12
Invok: Trog's Hand       |       |     5 |     6 |     9 |     3 ||    23
       Berserk           |       |     1 |     3 |     5 |     2 ||    11
       Burn Spellbooks   |       |       |       |     6 |       ||     6
       Brothers in Arms  |       |       |       |     4 |     4 ||     8
Evoke: Wand              |       |       |       |    10 |       ||    10
  Use: Scroll            |       |       |    18 |    20 |     3 ||    41
       Potion            |       |       |    13 |     5 |     1 ||    19
 Stab: Invisible         |       |       |     2 |       |       ||     2
       Distracted        |       |       |       |     2 |       ||     2
       Paralysed         |       |       |       |     3 |       ||     3
       Sleeping          |       |       |       |     3 |       ||     3
  Eat: Fruit             |     9 |       |     2 |     4 |       ||    15
       Royal jelly       |       |       |     3 |       |     1 ||     4
       Bread ration      |       |       |     2 |     8 |     1 ||    11
Armor: Animal skin       |    20 |     8 |       |       |       ||    28
       Scale mail        |       |    27 |   103 |    10 |       ||   140
       Leather armour    |       |       |       |    84 |       ||    84
       Plate armour      |       |       |       |    79 |   158 ||   237
Dodge: Dodged            |    59 |    61 |   164 |   297 |   113 ||   694
